 Dungeon Crawl Stone Soup version 0.31.0-12-g77e489cdc1 (webtiles) character file.

Game seed: 4918372163533468347

116 abcdefg the Shooter (level 5, 0/39 HPs)
             Began as a Formicid Hunter on Feb 22, 2024.
             Slain by Ijyb the iguana (7 damage)
             ... on level 3 of the Dungeon on Feb 23, 2024.
             The game lasted 00:08:03 (2244 turns).

abcdefg the Shooter (Formicid Hunter)               Turns: 2244, Time: 00:08:04

Health: 0/39       AC:  3    Str: 15    XL:     5   Next: 21%
Magic:  5/5        EV: 12    Int:  9    God:
Gold:   119        SH:  0    Dex: 19    Spells: 4/4 levels left

rFire   . . .        a - +0 shortbow
rCold   . . .        (no shield)
rNeg    . . .        c - +0 leather armour
rPois   .            (helmet unavailable)
rElec   .            (no cloak)
rCorr   .            (no gloves)
SInv    +            (no boots)
Will    .....        h - amulet of the acrobat
Stlth   ++           (no ring)
HPRegen 0.26/turn    (no ring)
MPRegen 0.09/turn

%: acrobat
@: no status effects
A: permanent stasis, dig shafts and tunnels, antennae 3, four strong arms
a: Dig, Shaft Self


You were on level 3 of the Dungeon.
You visited 1 branch of the dungeon, and saw 3 of its levels.

You collected 119 gold pieces.

Inventory:

Hand Weapons
 a - a +0 shortbow (weapon)
 j - a +1 falchion of holy wrath
 q - a +1 dire flail of holy wrath
Missiles
 e - 2 poisoned darts
Armour
 c - a +0 leather armour (worn)
Jewellery
 h - an amulet of the acrobat (around neck)
Wands
 k - a wand of polymorph (8)
Scrolls
 d - a scroll of identify {unknown}
 g - a scroll of brand weapon {unknown}
 l - a scroll of teleportation {unknown}
 m - a scroll of enchant weapon {unknown}
 p - a scroll of blinking {unknown}
Potions
 f - a potion of curing {unknown}
 i - a potion of attraction {unknown}
 n - a potion of berserk rage {unknown}
 o - a potion of might {unknown}
 r - a potion of magic {unknown}


   Skills:
 + Level 2.7 Fighting
 + Level 5.6 Ranged Weapons
 + Level 0.9 Armour
 + Level 2.0 Dodging
 + Level 1.4 Stealth


You had 4 spell levels left.
You didn't know any spells.
Your spell library contained the following spells:

 Spells                   Type           Power      Damage    Failure   Level
 Cigotuvi's Dreadful Rot  Necr/Alch/Air  0%         N/A       58%         2
 Dispel Undead            Necr           0%         3d6       99%         4
 Martyr's Knell           Necr/Summ      0%         N/A       99%         4
 Passage of Golubria      Tloc           0%         N/A       99%         4
 Silence                  Hex/Air        0%         N/A       100%        5
 Death Channel            Necr           0%         N/A       100%        6
 Lehudib's Crystal Spear  Conj/Erth      0%         10d2      100%        8


Dungeon Overview and Level Annotations

Branches:
Dungeon (3/15)

Altars:

Annotations:
D:3 Ijyb


Innate Abilities, Weirdness & Mutations

You cannot be hasted, slowed, berserked, paralysed or teleported.
You can dig through walls and to a lower floor.
You have a pair of large antennae on your head. (SInv)
Your four strong arms can wield two-handed weapons with a shield.


Message History

You see here 8 gold pieces.
You swap places.
You swap places.
Something barely misses your butterfly.
Ijyb is nearby!
You swap places.
You swap places.
Ijyb is nearby!
Ijyb misses something.
You swap places.
You swap places.
You swap places.
Ijyb is nearby!
You swap places.
Your butterfly disappears in a burst of colours!
You see here a +0 mace.
Ijyb is nearby!
You see here a quokka corpse.
Your butterfly disappears in a burst of colours!
Aiming: Polymorph
Press: ? - help, Shift-Dir - straight line, f/p - Ijyb
Aim: Ijyb, wielding a +4 club, wearing a +0 leather armour and carrying a wand of flame (moderately wounded, ally target, will become an endoplasm, an iguana, or a hound, chance to affect: 57%)
Okay, then.
Aiming: Polymorph
Press: ? - help, Shift-Dir - straight line, f/p - Ijyb
Aim: Ijyb, wielding a +4 club, wearing a +0 leather armour and carrying a wand of flame (moderately wounded, ally target, will become an endoplasm, an iguana, or a hound, chance to affect: 57%) Ijyb evaporates and reforms as an iguana!
Your butterfly disappears in a burst of colours!
Unknown command.
Fire: a) +0 shortbow
Press: ? - help, Q - select action, (/) - cycle Shift-Dir - straight line, f/p - Ijyb
Aim: Ijyb the iguana (moderately wounded, ally target, 68% to hit)
You shoot an arrow. The arrow barely misses Ijyb.
You shoot an arrow. The arrow hits Ijyb but does no damage.
Ijyb is moderately wounded.
Ijyb bites you.
* * * LOW HITPOINT WARNING * * *
You shoot an arrow. The arrow hits Ijyb!
Ijyb is almost dead.
Ijyb bites you!
You die...

#. .# #.... ######## #.##.#
##..< g......## #.##.#
########## ###.. ###.....#
#.##.. ... .....###....
###b##..# #.##.#
#.####.......... ....##.b#
#.##.# #.#............#
######..###b##.#
#.#.##.#.###.#.# #
#†.#......###......#.###.#.#
#
#......)).l@..#.####.....#.#
################# #######.#
# { #.# # { { { .# # { (# #
# # #


You could see Ijyb the iguana (ally target).

Vanquished Creatures
  A bombardier beetle (D:3)
  Jessica (D:2)
  2 dart slugs (D:2)
  4 bats
  6 endoplasms
  3 giant cockroaches (D:2)
  4 goblins
  6 hobgoblins
  4 quokkas
  4 ball pythons
  5 frilled lizards
  2 kobolds (D:2)
  8 rats
50 creatures vanquished.

Notes
Turn   | Place    | Note
-------+----------+-------------------------------------------
     0 | D:1      | abcdefg the Formicid Hunter began the quest for the Orb.
     0 | D:1      | Reached XP level 1. HP: 16/16 MP: 1/1
   124 | D:1      | Reached XP level 2. HP: 22/22 MP: 2/2
   431 | D:1      | Reached XP level 3. HP: 28/28 MP: 3/3
  1120 | D:2      | Found a faded altar of an unknown god.
  1177 | D:2      | Noticed Jessica
  1183 | D:2      | Killed Jessica
  1184 | D:2      | Reached skill level 5 in Ranged Weapons
  1184 | D:2      | Reached XP level 4. HP: 13/34 MP: 4/4
  2168 | D:3      | Reached XP level 5. HP: 39/39 MP: 5/5
  2198 | D:3      | Noticed Ijyb
  2241 | D:3      | Ijyb changed into Ijyb the iguana
  2241 | D:3      | Noticed Ijyb
  2244 | D:3      | Slain by Ijyb the iguana

Illustrated notes

Levels and vault maps discovered:
D:1:      shiori_arrival_elements, layout_basic, minmay_misc_feat_nine_boxes
D:2:      layout_loops_cross, chequers_ecumenical_altar_simple_redux,
          chequers_serial_rivers_micro_b, uniq_jessica
D:3:      wad_lake_hut, layout_loops_ring, minmay_misc_feat_x,
          minmay_misc_feat_tower, uniq_ijyb, uniq_grinder

Skill      XL: |  1  2  3 |
---------------+----------+-----
Ranged Weapons | 5 |  5.6
Dodging        | 2 |  2.0
Fighting       | |  2.7
Armour         | |  0.9
Stealth        | |  1.4

Action                     |  1- 3 |  4- 6 || total
---------------------------+-------+-------++-------
   Fire: Shortbow          |    91 |    62 ||   153
Ability: Dig               |     1 |       ||     1
  Evoke: Wand              |       |     1 ||     1
    Use: Scroll            |       |     1 ||     1
 Armour: Leather armour    |    29 |    18 ||    47
  Dodge: Dodged            |    47 |    36 ||    83
